 Dungeon Crawl Stone Soup version 0.27.1 (webtiles) character file.

Game seed: 8724820921228430626

286 ZARRMARR the Chiller (level 6, -5/44 HPs)
             Began as a Merfolk Ice Elementalist on Sept 2, 2021.
             Slain by an ogre (24 damage)
             ... on level 4 of the Dungeon.
             The game lasted 00:17:18 (3213 turns).

ZARRMARR the Chiller (Merfolk Ice Elementalist)     Turns: 3213, Time: 00:17:20

Health: -5/44      AC:  3    Str:  8    XL:     6   Next: 30%
Magic:  5/10       EV: 14    Int: 17    God:
Gold:   56         SH:  0    Dex: 20    Spells: 9/10 levels left

rFire    . . .     SeeInvis .   j - +0 trident
rCold    . . .     Faith    .   (no shield)
rNeg     + . .     Spirit   .   a - +0 robe
rPois    .         Reflect  .   k - +0 helmet
rElec    .         Harm     .   (no cloak)
rCorr    .         Rampage  .   (no gloves)
Will     .....                  (no boots)
Stlth    +++.......             (no amulet)
HPRegen  0.14/turn              f - ring of positive energy
MPRegen  0.12/turn              m - +6 ring of dexterity

@: about to teleport
A: (nimble swimmer 2), mertail
a: no special abilities


You were on level 4 of the Dungeon.
You visited 1 branch of the dungeon, and saw 4 of its levels.

You collected 56 gold pieces.

Inventory:

Hand Weapons
 g - a +0 trident of distortion
 j - a +0 trident (weapon)
Armour
 a - a +0 robe (worn)
 k - a +0 helmet (worn)
Jewellery
 f - a ring of positive energy (left hand)
 m - a +6 ring of dexterity (right hand)
Scrolls
 b - a scroll of fog
 l - a scroll of vulnerability {unknown}
Potions
 c - a potion of brilliance {unknown}
 h - 2 potions of curing {unknown}
 i - a potion of lignification {unknown}


   Skills:
 - Level 1.7 Fighting
 + Level 4.9 Polearms
 - Level 3.6 Dodging
 - Level 2.9 Stealth
 - Level 2.8 Spellcasting
 - Level 5.5 Ice Magic


You had 9 spell levels left.
You knew the following spells:

 Your Spells              Type           Power      Damage    Failure   Level
a - Freeze                Ice            84%        1d10      1%          1

Your spell library contained the following spells:

 Spells                   Type           Power      Damage    Failure   Level
 Frozen Ramparts          Ice            42%        1d6       5%          3
 Ozocubu's Armour         Ice            21%        N/A       5%          3
 Passwall                 Tmut/Erth      1%         N/A       26%         2
 Swiftness                Air            2%         N/A       47%         3
 Hailstorm                Conj/Ice       11%        3d5       50%         4
 Invisibility             Hex            1%         N/A       100%        6


Dungeon Overview and Level Annotations

Branches:
Dungeon (4/15)
 Temple: D:4-7

Altars:

Shops:
D:2 [

Annotations:
D:4 Dowan, Duvessa


Innate Abilities, Weirdness & Mutations

((You are quick and stealthy near water. (Stealth+, EV+, Speed+++)))
Your lower body shifts to a powerful aquatic tail in water.


Message History

Unknown command.
Casting: Freeze (safe; 1% risk of failure)
Confirm with . or Enter, or press ? or * to list all spells.
Aiming: Freeze (safe; 1% risk of failure)
Press: ? - help, Shift-Dir - straight line, f/p - ball python
Aim: a ball python (severely wounded)
You freeze the ball python.
You kill the ball python!
Unknown command.
Casting: Freeze (safe; 1% risk of failure)
Confirm with . or Enter, or press ? or * to list all spells.
Aiming: Freeze (safe; 1% risk of failure)
Press: ? - help, Shift-Dir - straight line, f - ogre
Aim: an ogre, wielding a +0 giant spiked club You freeze the ogre.
The ogre is lightly wounded.
The ogre closely misses you.
Unknown command.
Casting: Freeze (safe; 1% risk of failure)
Confirm with . or Enter, or press ? or * to list all spells.
Aiming: Freeze (safe; 1% risk of failure)
Press: ? - help, Shift-Dir - straight line, f/p - ogre
Aim: an ogre, wielding a +0 giant spiked club (lightly wounded)
You freeze the ogre.
The ogre is moderately wounded.
Unknown command.
Casting: Freeze (safe; 1% risk of failure)
Confirm with . or Enter, or press ? or * to list all spells.
Aiming: Freeze (safe; 1% risk of failure)
Press: ? - help, Shift-Dir - straight line, f/p - ogre
Aim: an ogre, wielding a +0 giant spiked club (moderately wounded)
You freeze the ogre.
The ogre is moderately wounded.
The ogre hits you with a +0 giant spiked club!!
Ouch! That really hurt!
As you read the scroll of teleportation, it crumbles to dust.
You feel strangely unstable.
The ogre hits you with a +0 giant spiked club!!
Ouch! That really hurt!
You die...

#... #...# ### #...#
#...# #...# #.#######
#...# #.<......
.####...########..#####.
..............##........
.............).#...#....
........)....).......##.
####..@########รท..###
#..O# #....... #...#
#.#...... #....
#.####### #...## #..
#.... ### #.#.. #.#..
#.....


You could see an ogre.

Vanquished Creatures
  The ghost of Yajnam the Sneak, a weakling SpBr (D:3)
  An orc priest (D:4)
  A hound (D:4)
  Terence (D:2)
  2 orc wizards
  Robin (D:2)
  3 adders
  A dart slug (D:1)
  4 orcs
  6 ball pythons
  3 bats (D:1)
  9 endoplasms
  A giant cockroach (D:1)
  13 goblins (D:2)
  15 hobgoblins
  2 jackals (D:2)
  2 quokkas (D:1)
  2 frilled lizards (D:1)
  2 kobolds (D:1)
  7 rats
77 creatures vanquished.

Notes
Turn   | Place    | Note
-------+----------+-------------------------------------------
     0 | D:1      | ZARRMARR the Merfolk Ice Elementalist began the quest for
                  | the Orb.
     0 | D:1      | Reached XP level 1. HP: 13/13 MP: 3/3
   174 | D:1      | Reached XP level 2. HP: 20/20 MP: 1/5
   596 | D:1      | Reached XP level 3. HP: 24/25 MP: 2/6
   982 | D:2      | Noticed Terence
   989 | D:1      | Reached skill level 1 in Fighting
  1044 | D:2      | Reached skill level 5 in Ice Magic
  1044 | D:2      | Reached XP level 4. HP: 32/32 MP: 3/7
  1111 | D:2      | Found Isilaa's Armour Boutique.
  1204 | D:2      | Killed Terence
  1353 | D:2      | Noticed Robin
  1515 | D:2      | Killed Robin
  1516 | D:2      | Reached XP level 5. HP: 16/38 MP: 0/9
  1677 | D:2      | Reached skill level 1 in Polearms
  1791 | D:2      | Found a faded altar of an unknown god.
  2318 | D:3      | Found a large runed translucent door.
  2318 | D:3      | Found a large runed translucent door.
  2323 | D:3      | Noticed Yajnam's ghost (weakling SpBr)
  2865 | D:3      | Killed Yajnam's ghost
  3012 | D:4      | Noticed Dowan
  3013 | D:4      | Noticed Duvessa
  3038 | D:4      | Reached XP level 6. HP: 42/44 MP: 6/10
  3213 | D:4      | Slain by an ogre

Illustrated notes

Levels and vault maps discovered:
D:1:      minmay_arrival_four_houses, layout_rooms
D:2:      layout_rooms, dreamdust_ecumenical_altar_grove, serial_shops,
          nicolae_shop_window_shopping, minmay_pentomino_z2, uniq_terence,
          uniq_robin
D:3:      layout_basic, ebering_ghost_disaster_area
D:4:      layout_loops_cross, uniq_duvessa

Skill      XL: |  1  2  3  4  5  6 |
---------------+-------------------+-----
Dodging        | 3 |  3.6
Fighting       | 1 |  1.7
Ice Magic      | 5 |  5.5
Polearms       | 3 4 |  4.9
Stealth        | |  2.9
Spellcasting   | |  2.8

Action                   |  1- 3 |  4- 6 || total
-------------------------+-------+-------++-------
Melee: Unarmed           |     2 |     4 ||     6
       Trident           |       |    23 ||    23
 Cast: Freeze            |    44 |    84 ||   128
  Use: Scroll            |     2 |     3 ||     5
       Potion            |       |     2 ||     2
 Stab: Sleeping          |       |     7 ||     7
Armor: Robe              |     1 |     5 ||     6
Dodge: Dodged            |    17 |    39 ||    56
